 Dungeon Crawl Stone Soup version 0.22.0 (webtiles) character file.

17949 Blackhawk the Fighter (level 12, -4/80 HPs)
             Began as a Gargoyle Fighter on Oct 21, 2018.
             Was a High Priest of Okawaru.
             Slain by a killer bee (11 damage)
             ... on level 3 of the Lair of Beasts.
             The game lasted 00:37:05 (13727 turns).

Blackhawk the Fighter (Gargoyle Fighter)           Turns: 13727, Time: 00:37:06

Health: -4/80      AC: 20    Str: 21 (22) XL:     12   Next: 53%
Magic:  0/12       EV: 10    Int:  5 (6)  God:    Okawaru [*****.]
Gold:   753        SH:  0    Dex: 16 (18) Spells: 11/11 levels left

rFire    + . .     SeeInvis +   C - +9 dire flail (drain)
rCold    + . .     Gourm    .   (shield currently unavailable)
rNeg     + . .     Faith    .   r - +5 ring mail
rPois    ∞         Spirit   +   D - +2 helmet
rElec    +         Reflect  .   N - +0 cloak
rCorr    +         Harm     .   Q - +0 pair of gloves
MR       .....                  (no boots)
Stlth    +.........             V - amulet of guardian spirit
HPRegen  0.23/turn              Y - ring of poison resistance
MPRegen  0.13/turn              F - ring of Qoheil {Str-3 Int-3 Dex+9 SInv}

@: about to teleport, resistant, corroded, very slightly contaminated
A: negative energy resistance 1, electricity resistance, unbreathing,
petrification resistance, rot immunity, AC +8
a: Heroism, Finesse, Renounce Religion


You were on level 3 of the Lair of Beasts.
You worshipped Okawaru.
Okawaru was extremely pleased with you.
You were very hungry.

You visited 3 branches of the dungeon, and saw 15 of its levels.

You collected 753 gold pieces.

Inventory:

Hand Weapons
 C - a +9 dire flail of draining (weapon)
 H - a +4 war axe of freezing
 R - a +2 broad axe of freezing
Missiles
 j - 376 stones (quivered)
 x - 177 sling bullets
 G - 17 tomahawks
Armour
 r - a +5 ring mail (worn)
 D - a +2 helmet (worn)
 L - a +2 buckler
 M - a +0 large shield
 N - a +0 cloak (worn)
 Q - a +0 pair of gloves (worn)
Jewellery
 k - an uncursed amulet of rage
 z - a +3 ring of intelligence {unknown}
 F - the ring of Qoheil (right hand) {Str-3 Int-3 Dex+9 SInv}
   (You found it on level 7 of the Dungeon)

   [ring of see invisible]

   It affects your strength (-3).
   It affects your intelligence (-3).
   It affects your dexterity (+9).
   It lets you see invisible.
 I - an uncursed ring of protection from fire
 P - an uncursed ring of positive energy
 V - an amulet of guardian spirit (around neck)
 Y - a ring of poison resistance (left hand)
Wands
 c - a wand of enslavement (15)
 y - a wand of random effects (25)
 J - a wand of paralysis (37)
 O - a wand of scattershot (4)
 S - a wand of digging (23)
Scrolls
 a - a scroll of fog
 h - 3 scrolls of fear
 i - a scroll of silence {unknown}
 m - 2 scrolls of enchant weapon
 n - 5 scrolls of teleportation
 o - 10 scrolls of remove curse
 p - a scroll of random uselessness
 q - 3 scrolls of magic mapping
 u - 2 scrolls of identify
 E - 2 scrolls of enchant armour
 Z - a scroll of amnesia
Potions
 b - 2 potions of berserk rage {unknown}
 d - 5 potions of might
 e - a potion of cancellation {unknown}
 g - 3 potions of mutation {unknown}
 l - a potion of agility {unknown}
 s - 3 potions of brilliance
 t - 2 potions of resistance
 v - a potion of magic {unknown}
 w - 2 potions of haste {unknown}
 A - 6 potions of curing
 B - 5 potions of degeneration
 K - 4 potions of flight
Comestibles
 f - 28 rations


   Skills:
 + Level 11.7 Fighting
 + Level 9.8 Axes
 + Level 11.7 Armour
 - Level 10.8 Shields


You had 11 spell levels left.
You didn't know any spells.
Your spell library contained the following spells:

 Spells                   Type           Power        Failure   Level  Hunger
 Conjure Flame            Conj/Fire      #.......     93%         3    ####...
 Bolt of Magma            Conj/Fire/Erth #.........   100%        5    ######.
 Freezing Cloud           Conj/Ice/Air   #.........   100%        6    #######
 Mephitic Cloud           Conj/Pois/Air  #.......     93%         3    ####...
 Ring of Flames           Chrm/Fire      #.........   100%        7    #######
 Venom Bolt               Conj/Pois      #.........   100%        5    ######.
 Animate Dead             Necr           N/A          100%        4    #####..
 Pain                     Necr           #...         61%         1    ##.....
 Animate Skeleton         Necr           N/A          61%         1    ##.....
 Vampiric Draining        Necr           #.........   93%         3    ####...
 Regeneration             Chrm/Necr      #.........   93%         3    ####...
 Iron Shot                Conj/Erth      #.........   100%        6    #######
 Stone Arrow              Conj/Erth      #.....       93%         3    ####...
 Passwall                 Tmut/Erth      #.......     75%         2    ###....
 Lee's Rapid Deconstruct  Erth           #.........   100%        5    ######.
 Sandblast                Erth           #.....       61%         1    ##.....
 Petrify                  Tmut/Erth      #.......     100%        4    #####..
 Orb of Destruction       Conj           #.........   100%        7    #######
 Iskenderun's Battlesphe  Conj/Chrm      #.......     100%        5    ######.
 Spellforged Servitor     Conj/Summ      #.........   100%        7    #######
 Poisonous Vapours        Pois/Air       #.....       75%         2    ###....


Dungeon Overview and Level Annotations

Branches:
Dungeon (11/15)            Temple (0/1) D:5            Lair (3/6) D:8
 Shoals (0/4) Lair:2       Spider (1/4) Lair:3
    Orc: D:9-12

Altars:
Fedhas
Gozag
Hepliaklqana
Nemelex Xobeh
Okawaru
Ru
Sif Muna
Trog
Xom
Zin

Shops:
D:7 =


Innate Abilities, Weirdness & Mutations

You are resistant to torment.
Your stone body is resilient. (AC +8)
You are immune to poison.
You resist negative energy. (rN+)
You are resistant to electric shocks. (rElec)
You can survive without breathing.
You are immune to petrification.
You are immune to rotting.


Message History

The killer bee stings you.
* * * LOW HITPOINT WARNING * * *
The killer bee stings you but does no damage.
The killer bee closely misses you.
It was a potion of degeneration.
There was something very wrong with that liquid.
You feel weakened.
You feel dopey.
You feel clumsy. The killer bee barely misses you.
The killer bee stings you but does no damage. x6
The entropy weaver casts a spell.
The entropic weave corrodes you!
The killer bee rages.
The killer bee barely misses you.
It was a potion of resistance.
You feel protected.
The killer bee rages.
The killer bee stings you but does no damage.
The killer bee completely misses you. The killer bee barely misses you. x3
The killer bee stings you!
You die...

##..........#.###......
#...#.#..#..# # #......
##.###.####.#####......
#...# #####..#..#......
#.†####.#.#............
##.....................
#...#########......###
#..####y..#.###....# #
#.##.@ysy[+..###...###
#.##.yya†.≈..###....##
...##^≈≈≈≈≈.###.......
##.##^.≈≈≈≈≈.^##.......
#.#.#......^#....###.#
...#^#.....##..## ##.
#...#..#....#...# ##
#.#.........^.###
##.....^#..^^.#


You could see an entropy weaver, a queen bee, a tarantella and 4 killer bees.

Vanquished Creatures
  A hydra (Lair:3)
  A two-headed ogre (D:9)
  An orb spider (Lair:3)
  Maurice (D:9)
  A black mamba (Lair:1)
  Joseph (D:8)
  A spiny frog (Lair:1)
  2 centaur skeletons (D:10)
  A komodo dragon (Lair:2)
  A troll (D:10)
  A meliai (Lair:3)
  A hornet (D:7)
  Grinder (D:4)
  4 blink frogs
  4 hippogriffs
  A snapping turtle (Lair:2)
  A shadow (D:11)
  9 yaks
  A human (D:7)
  A basilisk (Lair:1)
  Grum (D:8)
  Menkaure (D:7)
  A hungry ghost (D:8)
  3 hogs (D:7)
  Edmund (D:4)
  A warg (Lair:1)
  8 water moccasins
  6 porcupines
  5 ice beasts
  4 sky beasts
  6 orc warriors
  2 necrophages
  10 ogres
  A phantom (D:5)
  14 wolves
  4 centaurs
  2 big kobolds
  2 crocodiles
  Blork the orc (D:5)
  A gnoll sergeant (D:5)
  15 bullfrogs
  4 scorpions
  A water moccasin skeleton (D:8)
  6 wights
  10 killer bees
  An electric eel (Lair:2)
  A centaur zombie (D:8)
  2 jellies
  A crimson imp (D:6)
  A quasit (D:8)
  12 hounds
  8 orc priests
  9 orc wizards
  2 iguanas
  9 worker ants
  2 hound skeletons
  2 howler monkey zombies
  A worker ant zombie (D:6)
  4 gnolls (D:5)
  10 adders
  A shadow imp (D:6)
  2 oozes (D:1)
  2 adder skeletons
  2 adder zombies
  3 worms
  6 dart slugs
  7 leopard geckos
  29 orcs
  2 giant cockroaches
  10 goblins
  3 hobgoblins
  8 jackals
  17 kobolds
  4 quokkas
  A ball python (D:2)
  7 bats
  6 frilled lizards
  A quokka skeleton (D:8)
  6 rats
  3 fungi (D:8)
  2 plants
332 creatures vanquished.

Vanquished Creatures (others)
  11 fungi
  5 plants (D:8)
16 creatures vanquished.

Grand Total: 348 creatures vanquished

Notes
Turn   | Place    | Note
-------+----------+-------------------------------------------
     0 | D:1      | Blackhawk the Gargoyle Fighter began the quest for the Orb.
     0 | D:1      | Reached XP level 1. HP: 14/14 MP: 1/1
    41 | D:1      | Reached XP level 2. HP: 19/19 MP: 2/2
   290 | D:1      | Reached XP level 3. HP: 23/23 MP: 3/3
   782 | D:2      | Reached XP level 4. HP: 25/29 MP: 4/4
   952 | D:2      | Reached XP level 5. HP: 27/33 MP: 5/5
  1179 | D:2      | Found an iron altar of Okawaru.
  1784 | D:3      | Found a shimmering altar of Xom.
  1914 | D:3      | Noticed an orc warrior
  1929 | D:3      | Killed an orc warrior
  1929 | D:3      | Reached XP level 6. HP: 23/39 MP: 6/6
  2422 | D:4      | Noticed Grinder
  2556 | D:4      | Paralysed by Grinder for 7 turns
  2586 | D:4      | Paralysed by Grinder for 6 turns
  2602 | D:4      | Paralysed by Grinder for 3 turns
  2626 | D:4      | Paralysed by Grinder for 3 turns
  2632 | D:4      | Killed Grinder
  2632 | D:4      | Reached skill level 5 in Fighting
  2632 | D:4      | Reached skill level 5 in Armour
  2632 | D:4      | Reached skill level 5 in Shields
  2632 | D:4      | Reached XP level 7. HP: 26/44 MP: 7/7
  2779 | D:4      | Found a hazy altar of Hepliaklqana.
  2788 | D:4      | Found a blossoming altar of Fedhas.
  2788 | D:4      | Found a glowing silver altar of Zin.
  2903 | D:4      | Found an iron altar of Okawaru.
  2914 | D:4      | Became a worshipper of Warmaster Okawaru
  3038 | D:4      | Noticed Edmund
  3054 | D:4      | Killed Edmund
  3323 | D:4      | Found a sparkling altar of Nemelex Xobeh.
  3433 | D:5      | Entered Level 5 of the Dungeon
  3542 | D:5      | Noticed Blork the orc
  3551 | D:5      | Reached XP level 8. HP: 38/51 MP: 8/8
  3557 | D:5      | Killed Blork the orc
  3574 | D:5      | Reached * piety under Okawaru
  4265 | D:5      | Reached skill level 5 in Axes
  4506 | D:5      | Found a staircase to the Ecumenical Temple.
  4572 | D:5      | Reached ** piety under Okawaru
  4572 | D:5      | Reached XP level 9. HP: 50/56 MP: 9/9
  5766 | D:7      | Found a deep blue altar of Sif Muna.
  5776 | D:7      | Noticed a hornet
  5802 | D:7      | Killed a hornet
  5804 | D:7      | Reached *** piety under Okawaru
  6124 | D:7      | Reached XP level 10. HP: 61/64 MP: 10/10
  6148 | D:7      | Found an opulent altar of Gozag.
  6175 | D:7      | Noticed Menkaure
  6183 | D:7      | Killed Menkaure
  6487 | D:7      | Found Jeplynew's Jewellery Emporium.
  6771 | D:7      | Reached **** piety under Okawaru
  6924 | D:7      | Got a transparent lead ring
  7371 | D:8      | HP: 3/66 [ice beast (12)]
  7373 | D:8      | Reached ***** piety under Okawaru
  8087 | D:8      | Noticed Grum
  8116 | D:8      | Killed Grum
  8116 | D:8      | Reached XP level 11. HP: 33/71 MP: 11/11
  8129 | D:8      | Noticed Joseph
  8514 | D:8      | Killed Joseph
  8514 | D:8      | Received a gift from Okawaru
  8590 | D:8      | Identified the ring of Qoheil {Str-3 Int-3 Dex+9 SInv} (You found it on level 7 of the Dungeon)
  8602 | D:8      | Found a staircase to the Lair.
  8868 | D:8      | Found a bloodstained altar of Trog.
  8896 | D:8      | Reached skill level 10 in Shields
  8992 | D:9      | Reached skill level 10 in Fighting
  9016 | D:9      | Reached skill level 10 in Armour
  9066 | D:9      | Found a blossoming altar of Fedhas.
  9066 | D:9      | Noticed a two-headed ogre
  9083 | D:9      | Killed a two-headed ogre
  9142 | D:9      | Noticed Maurice
  9163 | D:9      | Killed Maurice
  9555 | D:10     | Entered Level 10 of the Dungeon
 10631 | Lair:1   | Entered Level 1 of the Lair of Beasts
 10788 | Lair:1   | Found a sacrificial altar of Ru.
 11035 | Lair:1   | Reached ****** piety under Okawaru
 11164 | Lair:1   | Received a gift from Okawaru
 11164 | Lair:1   | Reached XP level 12. HP: 73/79 MP: 10/12
 12371 | Lair:2   | Found a staircase to the Shoals.
 12396 | Lair:2   | Received a gift from Okawaru
 13188 | Lair:3   | Noticed a four-headed hydra
 13196 | Lair:3   | Killed a four-headed hydra
 13548 | Lair:3   | Found a hole to the Spider Nest.
 13592 | Spider:1 | Entered Level 1 of the Spider Nest
 13592 | Spider:1 | Noticed an entropy weaver
 13727 | Lair:3   | Slain by a killer bee

Skill      XL: |  1  2  3  4  5  6  7  8  9 10 11 12 |
---------------+-------------------------------------+-----
Axes           | 2 3 4 5 6 7 8 9 |  9.8
Fighting       | 4 5 6 8 9 10 11 | 11.7
Armour         | 4 5 6 8 9 10 11 | 11.7
Shields        | 4 5 6 8 9 10 | 10.8

Action                   |  1- 3 |  4- 6 |  7- 9 | 10-12 || total
-------------------------+-------+-------+-------+-------++-------
Melee: War axe           |   139 |   195 |   416 |       ||   750
       Hand axe          |       |       |    56 |   339 ||   395
       Broad axe         |       |       |       |   187 ||   187
       Dire flail        |       |       |       |   211 ||   211
 Abil: Evoke Berserk Rag |       |       |     1 |       ||     1
  Use: Scroll            |       |       |    15 |    14 ||    29
       Potion            |       |       |       |     3 ||     3
 Stab: Sleeping          |       |       |     1 |     1 ||     2
  Eat: Chunk             |       |     6 |    14 |    20 ||    40
       Ration            |       |       |       |     1 ||     1
Armor: Scale mail        |   101 |    78 |       |       ||   179
       Ring mail         |       |    10 |   282 |   491 ||   783
Dodge: Dodged            |    51 |    49 |   178 |   364 ||   642
Block: Shield            |    81 |   110 |   214 |       ||   405
       Buckler           |       |       |    55 |   220 ||   275
